AoeStats
← Bolinette

Arena

504837030Analyzed
2v2 RM · 27d ago on Sep 6, 2026· 21m 17s· 4 players
Game mode
Random Map
Map size
Medium (4 player)
Population
200
Speed
Normal
Resources
Standard
Victory
Conquest
Starting age
Dark Age
Ending age
Imperial Age
RankedLock teamsTeams togetherTeam positionsShared explorationLock speedFull tech treeHidden civsTurbo modeCheats
Victory
Defeat
🇫🇷 Cumans · France
945
+14
🇫🇷 Ethiopians · France
934
+15
🇦🇷 Khmer · Argentina
923
-15
🇦🇷 Wei · Argentina
888
-14
CuerVoArG!!!
9:11 Feudal Age
14:34 Castle Age
13:09 Double-Bit Axe
13:27 Loom
13:31 Horse Collar
咚咚帕
5:24 Loom
10:41 Feudal Age
11:09 Double-Bit Axe
11:58 Stone Mining
12:31 Horse Collar
16:30 Gold Mining
18:57 Castle Age
19:58 Bloodlines
SgtKel
10:05 Feudal Age
9:01 Loom
12:18 Double-Bit Axe
Bolinette
5:50 Loom
10:21 Feudal Age
13:10 Double-Bit Axe
17:04 Wheelbarrow
16:34 Padded Archer Armor
16:27 Fletching
16:37 Padded Archer Armor
Connection lost

Rejoining the realm…

Still unreachable

The connection could not be restored.

Session expired

The server has moved on; the page needs a fresh start.